 Dungeon Crawl Stone Soup version 0.31-a0-1074-g0b22e4e0f1 (webtiles) character file.

Game seed: 17443888297910714013

255 croobank the Changeling (level 6, -2/41 HPs)
             Began as an Octopode Shapeshifter on Dec 7, 2023.
             Slain by a kobold
             ... wielding a +0 whip
              (3 damage)
             ... in a sewer on Dec 8, 2023.
             The game lasted 00:06:21 (2400 turns).

croobank the Changeling (Octopode Shapeshifter)     Turns: 2400, Time: 00:06:22

Health: -2/41      AC:  1    Str: 13    XL:     6   Next: 15%
Magic:  6/6        EV: 13    Int: 15    God:
Gold:   137        SH:  0    Dex: 11    Spells: 5/5 levels left

rFire   . . .        n - +4 dagger (venom)
rCold   . . .        (no shield)
rNeg    . . .        (helmet currently unavailable)
rPois   .            (no amulet)
rElec   .            r - ring of see invisible
rCorr   .            (no ring)
SInv    +            (no ring)
Will    .....        (no ring)
Stlth   ++           (no ring)
HPRegen 0.26/turn    (no ring)
MPRegen 0.10/turn    (no ring)
                     (no ring)

%: no passive effects
@: beast-form
A: beast (slay +2), almost no armour, amphibious, 8 rings, camouflage 1,
gelatinous body 1, (nimble swimmer 1), tentacles
a: Begin Untransformation


You were in a sewer.
You were a hulking beast.
You visited 1 branch of the dungeon, and saw 4 of its levels.
You also visited: Sewer.

You collected 184 gold pieces.
You spent 47 gold pieces at shops.

Inventory:

Hand Weapons
 j - a +0 spear
 n - a +4 dagger of venom (weapon)
 u - a +3 hand axe
Missiles
 e - 16 poisoned darts
 w - 2 curare-tipped darts (quivered)
 z - 3 javelins
Armour
 x - a +1 buckler
Jewellery
 k - a ring of fire
 r - a ring of see invisible (left tentacle)
 y - an amulet of faith
Talismans
 b - a beast talisman
 c - a flux talisman
Scrolls
 f - a scroll of teleportation
 l - a scroll of fog
Potions
 a - 2 potions of lignification
 d - 2 potions of attraction
 o - 2 potions of invisibility
 p - 4 potions of curing
 s - a potion of mutation {unknown}
 t - a potion of might {unknown}


   Skills:
 + Level 2.8 Fighting
 + Level 3.3 Dodging
 + Level 4.1 Unarmed Combat
 * Level 4.3 Shapeshifting


You had 5 spell levels left.
You didn't know any spells.
Your spell library contained the following spells:

 Spells                   Type           Power      Damage    Failure   Level
 Ensorcelled Hibernation  Hex/Ice        0%         N/A       38%         2
 Passwall                 Tmut/Erth      0%         N/A       38%         2
 Swiftness                Air            0%         N/A       63%         3


Dungeon Overview and Level Annotations

Branches:
Dungeon (4/15)              Sewer (1/1)
 Temple: D:4-7

Altars:
Nemelex Xobeh

Shops:
D:2 *   D:4 (


Innate Abilities, Weirdness & Mutations

You are a hulking beast.
Your limbs bulge with bestial killing power. (Slay +2)
You cannot wear most types of armour.
You are amphibious.
You can wear up to eight rings at the same time.
Your skin changes colour to match your surroundings (Stealth+).
Your rubbery body absorbs attacks. (AC +1, EV +1)
((You are camouflaged when in or above water. (Stealth+)))
You have tentacles for arms and can constrict up to eight enemies at once.


Message History

You are poisoned.
The kobold hits you with a +0 whip. The kobold barely misses you.
You see here a white potion.
You puncture the kobold!
You kill the kobold!
You feel very sick.
The kobold brigand throws a poisoned dart.
The poisoned dart hits you!
You are more poisoned.
The kobold completely misses you. The kobold hits you with a +0 whip.
The kobold hits you with a +0 short sword.
You feel very sick.
The kobold brigand hits you with a +0 dagger.
The kobold hits you with a +0 club.
The kobold throws a poisoned dart.
The poisoned dart closely misses you. The kobold closely misses you.
You see here a +0 short sword.
You hit the kobold brigand. You grab the kobold brigand.
You squeeze the kobold brigand.
The kobold brigand is lightly wounded.
You constrict the kobold brigand.
You feel very sick.
The kobold brigand hits you with a +0 dagger!
* * * LOW HITPOINT WARNING * * *
The kobold hits you with a +0 club.
* * * LOW HITPOINT WARNING * * *
The kobold barely misses you.
It was a potion of curing.
You feel better.
You constrict the kobold brigand.
The kobold brigand hits you with a +0 dagger.
* * * LOW HITPOINT WARNING * * *
The kobold closely misses you. The kobold misses you.
The kobold barely misses you.
You hit the kobold brigand but do no damage.
The kobold brigand is poisoned.
You squeeze the kobold brigand, but do no damage.
The kobold brigand is moderately wounded.
You constrict the kobold brigand.
The kobold brigand hits you with a +0 dagger!
* * * LOW HITPOINT WARNING * * *
The kobold closely misses you. The kobold hits you with a +0 whip.
You die...

######### #...#≈≈≈#
#∩∩.#~≈~# #...'~~~#
#####~≈~######
#~≈~#..K.#
#~≈~#.∩h.#
#~≈~#?KKK#
#~≈~#....#
##++##~~~##''###
#....#~≈~#P....###
###...P#~≈~#.......#
#....†~~~≈~#.......#
##...~†~~≈~#.......#
##...~P#~≈~#P†.....#


You could see a kobold brigand (very poisoned) and 3 kobolds.

Vanquished Creatures
  A kobold brigand (Sewer)
  A hound (D:4)
  An orc wizard (D:2)
  5 adders
  2 worms (D:2)
  A dart slug (D:1)
  4 orcs
  5 bats
  6 endoplasms
  5 giant cockroaches
  6 goblins
  5 hobgoblins
  4 jackals
  2 quokkas (D:3)
  5 ball pythons
  3 frilled lizards
  14 kobolds
  5 rats
75 creatures vanquished.

Notes
Turn   | Place    | Note
-------+----------+-------------------------------------------
     0 | D:1      | croobank the Octopode Shapeshifter began the quest for the
                  | Orb.
     0 | D:1      | Reached XP level 1. HP: 13/13 MP: 1/1
   110 | D:1      | Reached XP level 2. HP: 16/18 MP: 2/2
   635 | D:2      | Identified the +8 sling "Ziyv" {freeze, rElec Will+ Stlth-}
   696 | D:2      | Reached XP level 3. HP: 23/23 MP: 3/3
   845 | D:2      | Found Nyokkudwe's Assorted Antiques.
   872 | D:2      | Reached XP level 4. HP: 15/29 MP: 4/4
   946 | D:2      | Bought a scroll labelled KUELLUISCHE for 25 gold pieces
   946 | D:2      | Bought a bubbling brown potion for 22 gold pieces
  1417 | D:3      | Found a sparkling altar of Nemelex Xobeh.
  1899 | D:4      | Reached XP level 5. HP: 24/35 MP: 5/5
  1952 | D:4      | Found Dedojer's Firing Range.
  1990 | D:4      | Found a glowing drain.
  2107 | Sewer    | Entered a sewer
  2323 | Sewer    | Noticed a kobold brigand
  2330 | Sewer    | Killed a kobold brigand
  2331 | Sewer    | Reached XP level 6. HP: 41/41 MP: 6/6
  2400 | Sewer    | HP: 1/41 [kobold brigand/+0 dagger (9)]
  2400 | Sewer    | Slain by a kobold

Illustrated notes

Levels and vault maps discovered:
D:1:      wander_arrival_abandoned_jail, layout_rooms
D:2:      layout_basic, serial_shops, nicolae_shop_gibbet_a_chance,
          minmay_small_reverse_x
D:3:      layout_basic, mainiacjoe_overflow_six_doors_small, skrybe_limestone_x
D:4:      layout_rooms, mainiacjoe_overflow_cross_hatched, serial_shops, shop,
          gup_sewer_entry_glass, serial_demonic, serial_demonic_d,
          serial_demonic_e, serial_demonic_e, serial_demonic_a,
          hangedman_decor_slide_cut, nicolae_shop_firing_range
Sewer:    kennysheep_pipe_town

Skill      XL: |  1  2  3  4  5 |
---------------+----------------+-----
Fighting       | 2 |  2.8
Dodging        | 3 |  3.3
Shapeshifting  | 4 |  4.3
Unarmed Combat | 4 |  4.1

Action                     |  1- 3 |  4- 6 || total
---------------------------+-------+-------++-------
  Melee: Unarmed           |    14 |       ||    14
         Constrict         |    13 |    27 ||    40
         Tentacles         |    11 |    22 ||    33
         Dagger            |    32 |    90 ||   122
         Punch             |     1 |     1 ||     2
    Use: Scroll            |       |    10 ||    10
         Potion            |       |     1 ||     1
   Stab: Sleeping          |     6 |     7 ||    13
 Armour: Skin              |    13 |    46 ||    59
  Dodge: Dodged            |    18 |    54 ||    72

Table legend: (Time is in decaauts)
 A = Elapsed time spent in this place.
 B = Non-inter-level travel time spent in this place.
 C = Inter-level travel time spent in this place.
 D = Time resting spent in this place.
 E = Time spent auto-exploring this place.
 F = Levels seen in this place.
 G = Mean time per level.
                   A        B        C        D        E       F      G
               +--------+--------+--------+--------+--------+-----+--------+
         Total |   2396 |   2333 |     63 |    453 |   1253 |   5 |  479.2 |
       Dungeon |   2104 |   2041 |     63 |    351 |   1187 |   4 |  526.0 |
         Sewer |    292 |    292 |      0 |    102 |     66 |   1 |  292.0 |
               +--------+--------+--------+--------+--------+-----+--------+

Top non-repeatable levels by time:
     D:2: 703 daAuts
     D:1: 594 daAuts
     D:3: 588 daAuts
   Sewer: 292 daAuts
     D:4: 216 daAuts
